 Dungeon Sprint DCSS version 0.20-a0-1122-gb7cbeb9 (webtiles) character file.

1376 potatolord6000 the Fighter (level 8, -5/59 HPs)
             Began as a Gargoyle Fighter on May 11, 2017.
             Was an Initiate of Gozag.
             Slain by a two-headed ogre
             ... wielding a cursed -2 giant club
              (14 damage)
             ... in the Dungeon (Sprint III: "The Ten Rune Challenge").
             The game lasted 00:04:46 (760 turns).

potatolord6000 the Fighter (Gargoyle Fighter)        Turns: 760, Time: 00:04:47

Health: -5/59      AC: 16    Str: 21    XL:     8   Next: 66%
Magic:  8/8        EV:  9    Int: 10    God:    Gozag
Gold:   28         SH: 12    Dex:  9    Spells: 7/7 levels left

rFire    . . .     SeeInvis .   a - +0 flail
rCold    . . .     Gourm    .   c - +0 shield
rNeg     + . .     Faith    .   b - +0 scale mail
rPois    ∞         Spirit   .   (no helmet)
rElec    +         Reflect  .   (no cloak)
rCorr    .         Harm     .   (no gloves)
MR       .....     NoTele   +   (no boots)
Stlth    ..........             (no amulet)
Regen    0.2/turn               (no ring)
MPRegen  0.2/turn               (no ring)

@: gold aura, very slightly contaminated, very slow
A: slimy green scales 1, negative energy resistance 1, electricity resistance,
unbreathing, evolution 1, petrification resistance, rot immunity, AC +5
a: Potion Petition, Call Merchant, Bribe Branch, Renounce Religion


You were in the Dungeon.
You worshipped Gozag.
Gozag was noncommittal.
You were full.

You visited 1 branch You collected 28 gold pieces.

Inventory:

Hand Weapons
 a - a +0 flail (weapon)
Armour
 b - a +0 scale mail (worn)
 c - a +0 shield (worn)
Scrolls
 d - 2 scrolls of immolation {unknown}
 m - 4 scrolls of identify
 o - 2 scrolls of remove curse
Potions
 e - a potion of curing
 i - 3 potions of magic
 n - 3 potions of flight
Comestibles
 f - a bread ration
 g - a royal jelly
 p - 4 fruits


   Skills:
 + Level 10.7 Fighting
 + Level 9.7 Maces & Flails
 + Level 10.7 Armour
 + Level 10.7 Shields


You had 7 spell levels left.
You didn't know any spells.

Dungeon Overview and Level Annotations

Branches:
Dungeon (1/1)

Altars:
Cheibriados
Dithmenos
Elyvilon
Fedhas
Gozag
Hepliaklqana
Kikubaaqudgha
Makhleb
Nemelex Xobeh
Okawaru
Qazlal
Ru
Sif Muna
Trog
Uskayaw
Vehumet
Wu Jian
Xom
Yredelemnul
Zin
The Shining One
Beogh
Jiyva
Lugonu


Innate Abilities, Weirdness & Mutations

You are resistant to torment.
Your stone body is resilient. (AC +5)
You are immune to poison.
You resist negative energy. (rN+)
You are resistant to electric shocks. (rElec)
You can survive without breathing.
You are immune to petrification.
You are immune to rotting.
You are partially covered in slimy green scales. (AC +2)
You evolve.


Message History

The two-headed ogre is almost dead.
The two-headed ogre barely misses you. x2
You hit the two-headed ogre.
The two-headed ogre is almost dead.
The two-headed ogre closely misses you.
The two-headed ogre hits you with a giant club!
* * * LOW HITPOINT WARNING * * *
You block the two-headed ogre's attack. x2
You sock the two-headed ogre!
You kill the two-headed ogre!
You block the two-headed ogre's attack. The two-headed ogre closely misses you.
There is a fountain of clear blue water here.
There is an open door to the Ecumenical Temple here.
Okay, then.
You enter the shallow water.
Moving in this stuff is going to be slow.
You block the two-headed ogre's attack.
The two-headed ogre hits you with a giant club!
You die...
Your body crumbles into a pile of gold.

▓▓▓▓▓▓▓▓▓▓▓▓ ▓▓▓
▓<.#..'....♣♣♣ ♣.###########
▓..#.!#....♣.♣ ♣.#___#___#__
▓#'####....♣.♣ ♣♣.#.).#__.#/_
▓.....#....≈.♣♣♣..###'#'###)#
▓.....#...≈≈♣.....#..........
▓.....#..≈≈≈@OO...'.⌠...$....
▓####'#..≈≈≈≈≈≈...#...######'
▓(...†#.≈≈≈≈≈≈....#.⌠.#__#...
▓....)#.≈≈≈≈≈.....#...#__#...
▓.....#.≈≈≈.......#)###__#...
▓'#####...........#..:#__#...
▓.................#___#__'...
▓▓▓▓▓▓▓▓▓▓▓▓▓▓▓▓▓▓▓▓▓▓▓▓▓▓▓▓▓


You could see 2 two-headed ogres.

Vanquished Creatures
  A deep elf mage (D)
  A shadow (D)
  A spatial vortex (D)
  A necrophage (D)
  A two-headed ogre (D)
  A water elemental (D)
  A jelly (D)
  Jessica (D)
  A wizard (D)
  A necromancer (D)
  3 humans (D)
  A kobold demonologist (D)
  A wolf (D)
  2 oozes (D)
  A rat (D)
18 creatures vanquished.

Vanquished Creatures (others)
  2 draconian scorchers (D)
  6 hellions (D)
  A yaktaur (D)
9 creatures vanquished.

Grand Total: 27 creatures vanquished

Notes
Turn   | Place    | Note
-------+----------+-------------------------------------------
     0 | D        | potatolord6000 the Gargoyle Fighter began the quest for the Orb.
     0 | D        | Reached XP level 1. HP: 14/14 MP: 1/1
     8 | D        | Reached XP level 2. HP: 19/20 MP: 2/2
    16 | D        | Noticed Jessica
    22 | D        | Killed Jessica
    22 | D        | Reached XP level 3. HP: 18/24 MP: 3/3
    46 | D        | Reached skill level 5 in Fighting
    46 | D        | Reached skill level 5 in Armour
    46 | D        | Reached skill level 5 in Shields
    53 | D        | Reached XP level 4. HP: 8/31 MP: 4/4
   100 | D        | Killed a yaktaur
   104 | D        | Killed a hellion
   104 | D        | Killed a hellion
   104 | D        | Killed a hellion
   105 | D        | Killed a hellion
   105 | D        | Killed a hellion
   147 | D        | Killed a hellion
   165 | D        | Killed a white draconian scorcher
   219 | D        | Killed a white draconian scorcher
   276 | D        | Gained mutation: Armour fits poorly on your strangely shaped body. [potion of mutation]
   276 | D        | Gained mutation: Your flesh is cold resistant. (rC+) [potion of mutation]
   276 | D        | Gained mutation: Your body sometimes deteriorates upon taking damage. [potion of mutation]
   276 | D        | Gained mutation: Your natural rate of healing is unusually fast. [potion of mutation]
   277 | D        | Lost mutation: Your flesh is cold resistant. (rC+) [potion of mutation]
   277 | D        | Lost mutation: Your body sometimes deteriorates upon taking damage. [potion of mutation]
   277 | D        | Lost mutation: Armour fits poorly on your strangely shaped body. [potion of mutation]
   277 | D        | Lost mutation: Your natural rate of healing is unusually fast. [potion of mutation]
   277 | D        | Gained mutation: You evolve. [potion of mutation]
   277 | D        | Gained mutation: Your muscles are strong. (Str +2) [potion of mutation]
   277 | D        | Lost mutation: Your muscles are strong. (Str +2) [potion of mutation]
   277 | D        | Gained mutation: You are partially covered in slimy green scales. (AC +2) [potion of mutation]
   315 | D        | Noticed a water elemental
   322 | D        | Killed a water elemental
   322 | D        | Reached skill level 5 in Maces & Flails
   322 | D        | Reached XP level 5. HP: 30/36 MP: 5/5
   327 | D        | Found a glowing silver altar of Zin.
   327 | D        | Found a glowing golden altar of the Shining One.
   327 | D        | Found a white marble altar of Elyvilon.
   328 | D        | Noticed a deep elf mage
   356 | D        | Killed a deep elf mage
   356 | D        | Reached XP level 6. HP: 39/46 MP: 6/6
   356 | D        | Reached XP level 7. HP: 43/51 MP: 7/7
   370 | D        | Found a radiant altar of Vehumet.
   370 | D        | Found a deep blue altar of Sif Muna.
   370 | D        | Found an ancient bone altar of Kikubaaqudgha.
   377 | D        | Noticed a rust devil
   408 | D        | Found an ornate altar of the Wu Jian Council.
   408 | D        | Found a roughly hewn altar of Beogh.
   408 | D        | Found an iron altar of Okawaru.
   408 | D        | Found a bloodstained altar of Trog.
   408 | D        | Found a hide-covered altar of Uskayaw.
   408 | D        | Noticed a human
   409 | D        | Noticed a human
   422 | D        | Killed a human
   423 | D        | Killed a human
   423 | D        | Reached skill level 10 in Fighting
   423 | D        | Reached skill level 10 in Armour
   423 | D        | Reached XP level 8. HP: 57/57 MP: 8/8
   498 | D        | Found a basalt altar of Yredelemnul.
   498 | D        | Found a shadowy altar of Dithmenos.
   498 | D        | Found a sacrificial altar of Ru.
   500 | D        | Reached skill level 10 in Shields
   524 | D        | Noticed a shadow
   533 | D        | Killed a shadow
   691 | D        | Found a blossoming altar of Fedhas.
   691 | D        | Found a stormy altar of Qazlal.
   691 | D        | Found a snail-covered altar of Cheibriados.
   691 | D        | Found a burning altar of Makhleb.
   691 | D        | Found a shimmering altar of Xom.
   692 | D        | Found a hazy altar of Hepliaklqana.
   692 | D        | Found an opulent altar of Gozag.
   692 | D        | Found a sparkling altar of Nemelex Xobeh.
   692 | D        | Found a corrupted altar of Lugonu.
   692 | D        | Found a viscous altar of Jiyva.
   712 | D        | Became a worshipper of Gozag Ym Sagoz the Greedy
   760 | D        | Slain by a two-headed ogre

Vault maps used:
D:        dungeon_sprint_mu

Skill      XL: |  1  2  3  4  5  6  7  8 |
---------------+-------------------------+-----
Fighting       | 4 5 6 9 10 | 10.7
Armour         | 4 5 6 9 10 | 10.7
Shields        | 4 5 6 9 10 | 10.7
Maces & Flails | 3 4 5 8 9 |  9.7

Action                   |  1- 3 |  4- 6 |  7- 9 || total
-------------------------+-------+-------+-------++-------
Melee: Flail             |    19 |    23 |    75 ||   117
  Use: Potion            |     1 |     4 |     1 ||     6
       Scroll            |       |       |     1 ||     1
  Eat: Bread ration      |       |       |     1 ||     1
Armor: Scale mail        |    11 |     4 |    19 ||    34
Dodge: Dodged            |     2 |     2 |    23 ||    27
Block: Shield            |     9 |     5 |    37 ||    51
